 Dungeon Crawl Stone Soup version 0.30.1-11-g7821555f0a (webtiles) character file.

Game seed: 2394393137196371645

16 SacredBeard the Grave Robber (level 2, 0/20 HPs)
             Began as a Demonspawn Necromancer on Nov 24, 2023.
             Slain by a kobold
             ... wielding a +0 short sword
              (3 damage)
             ... on level 2 of the Dungeon.
             The game lasted 00:02:16 (98 turns).

SacredBeard the Grave Robber (Demonspawn Necromancer) Turns: 98, Time: 00:02:17

Health: 0/20       AC:  9    Str:  8    XL:     2   Next: 37%
Magic:  1/5        EV: 12    Int: 16    God:
Gold:   19         SH:  0    Dex: 13    Spells: 4/5 levels left

rFire   . . .        c - +0 mace (protect)
rCold   . . .        (no shield)
rNeg    . . .        a - +0 robe
rPois   .            (no helmet)
rElec   .            (no cloak)
rCorr   .            (no gloves)
SInv    .            (no boots)
Will    .....        (no amulet)
Stlth   ++           (no ring)
HPRegen 0.23/turn    (no ring)
MPRegen 0.09/turn

%: no passive effects
@: under a protective aura
A: demonic guardian 1
a: no special abilities


You were on level 2 of the Dungeon.
You visited 1 branch of the dungeon, and saw 2 of its levels.

You collected 19 gold pieces.

Inventory:

Hand Weapons
 c - a +0 mace of protection (weapon)
Armour
 a - a +0 robe (worn)
Scrolls
 d - 2 scrolls of identify {unknown}
Potions
 b - a potion of magic


   Skills:
 + Level 0.5 Fighting
 + Level 0.4 Armour
 - Level 2.0 Dodging
 + Level 2.0 Stealth
 - Level 2.0 Spellcasting
 * Level 4.6 Necromancy


You had 4 spell levels left.
You knew the following spells:

 Your Spells              Type           Power      Damage    Failure   Level
a - Necrotise             Necr           64%        1d7       3%          1

Your spell library contained the following spells:

 Spells                   Type           Power      Damage    Failure   Level
 Vampiric Draining        Necr           16%        2d7       9%          3
 Animate Dead             Necr           16%        N/A       30%         4
 Agony                    Necr           16%        N/A       63%         5


Dungeon Overview and Level Annotations

Branches:
Dungeon (1/15) Zot: 11894

Altars:


Innate Abilities, Weirdness & Mutations

A weak demonic guardian rushes to your aid.


Message History

Aim: an adder (almost dead, chance to affect: 79%)
The adder writhes in agony.
You kill the adder!
The dead are slithering!
* * * LOW HITPOINT WARNING * * *
You feel sick.
Training target 2.0 for Dodging reached!
Your Dodging skill increases to level 2!
Your Stealth skill increases to level 2!
You have reached level 2!
Your demonic ancestry asserts itself...
You feel the presence of a demonic guardian.
You swap places.
* * * LOW HITPOINT WARNING * * *
You feel sick.
The quokka barely misses your adder skeleton.
Your adder skeleton bites the quokka.
* * * LOW HITPOINT WARNING * * *
You feel sick. The quokka bites your adder skeleton.
Your adder skeleton closely misses the quokka.
* * * LOW HITPOINT WARNING * * *
You feel sick. The quokka bites your adder skeleton.
Your adder skeleton bites the quokka but does no damage.
* * * LOW HITPOINT WARNING * * *
You feel sick.
You are no longer poisoned.
The quokka bites your adder skeleton.
Your adder skeleton misses the quokka.
The quokka bites your adder skeleton.
Your adder skeleton is destroyed!
Okay, then.
You hit the quokka.
Your weapon exudes an aura of protection.
The quokka is lightly wounded.
The quokka closely misses you.
You hit the quokka.
You kill the quokka!
You closely miss the kobold. You punch the kobold.
The kobold is severely wounded.
The kobold hits you with a +0 short sword.
You die...

......###..Z...
......#........
..##..........
#.##...........
#.##...........#
#.##..K........#
#.##...........##
#.##....g........
#@###..........#
#K##.g.........#
#g##...........# .
#.##...........#..
#.)..............#
###...........##.
###........##
#.......##
#....#...


You could see a hobgoblin and a kobold.

Vanquished Creatures
  An adder (D:2)
  2 goblins (D:2)
  A hobgoblin (D:2)
  A quokka (D:2)
  A kobold (D:2)
6 creatures vanquished.

Notes
Turn   | Place    | Note
-------+----------+-------------------------------------------
     0 | D:1      | SacredBeard the Demonspawn Necromancer began the quest for
                  | the Orb.
     0 | D:1      | Reached XP level 1. HP: 13/13 MP: 3/3
    25 | D:1      | You fall into a shaft and drop 1 floor!
    91 | D:2      | Gained mutation: A weak demonic guardian rushes to your
                  | aid. [demonic ancestry]
    91 | D:2      | Reached XP level 2. HP: 4/20 MP: 0/5
    94 | D:2      | HP: 1/20 [poisoned by an adder]
    98 | D:2      | Slain by a kobold

Illustrated notes

Levels and vault maps discovered:
D:1:      mrwooster_arrival_arrow, layout_loops_corners,
          shapermc_ecumenical_altar_starsandcircs
D:2:      layout_rooms

Skill      XL: |  1 |
---------------+----+-----
Dodging        | 2 |  2.0
Stealth        | 2 |  2.0
Fighting       | |  0.5
Armour         | |  0.4
Spellcasting   | |  2.0
Necromancy     | |  4.6

Action                     || total
---------------------------++-------
  Melee: Mace              ||    18
         Punch             ||     1
   Cast: Necrotise         ||     7
 Armour: Robe              ||     6
  Dodge: Dodged            ||    15
